AoeStats
← Chigüiro

Lombardia

509272342Analyzed
4v4 RM · 7d ago on Sep 26, 2026· 46m 58s· 8 players
Game mode
Random Map
Map size
Large (8 player)
Population
200
Speed
Normal
Resources
Standard
Victory
Conquest
Starting age
Dark Age
Ending age
Imperial Age
RankedLock teamsTeams togetherTeam positionsShared explorationLock speedFull tech treeHidden civsTurbo modeCheats
Victory
Defeat
🇵🇪 Danes · Peru
1797
+8
🇨🇳 Varangians · China
1715
+11
🇧🇷 Khitans · Brazil
1682
+12
🇵🇪 Magyars · Peru
1638
+14
🇹🇼 Varangians · Taiwan
1644
-13
🇨🇴 Franks · Colombia
1591
-11
🇦🇷 Teutons · Argentina
1585
-11
🇻🇳 Italians · Vietnam
1562
-10
noru
6:19 Loom
12:21 Feudal Age
13:39 Double-Bit Axe
16:20 Castle Age
14:51 Stone Mining
14:57 Horse Collar
17:40 Wheelbarrow
23:51 Gold Mining
24:04 Heavy Plow
26:02 Gold Shaft Mining
26:10 Bow Saw
29:27 Imperial Age
27:28 Scale Mail Armor
28:43 Hand Cart
28:55 Chain Mail Armor
28:50 Forging
29:46 Squires
29:31 Arson
29:27 Onager
30:57 Conscription
31:42 Iron Casting
31:22 Elite Varangian Guard
33:29 Plate Mail Armor
34:35 Chemistry
33:41 Siege Engineers
36:29 Hoardings
36:56 Blast Furnace
38:38 Northmen's Fury
38:46 Northmen's Fury
39:04 Siege Onager
40:01 Hamask
41:32 Town Watch
43:48 Caravan
45:07 Ballistics
44:57 Masonry
44:51 Gambesons
Sung Jinwoo
6:17 Loom
9:04 Feudal Age
9:41 Double-Bit Axe
9:58 Domestication
17:56 Castle Age
17:14 Forging
17:10 Scale Barding Armor
18:52 Bow Saw
21:30 Pastoralism
23:13 Wheelbarrow
24:32 Hand Cart
24:44 Husbandry
26:12 Gold Mining
30:50 Imperial Age
28:58 Iron Casting
28:47 Chain Barding Armor
29:05 Stone Mining
29:54 Stone Mining
30:01 Town Watch
31:09 Town Patrol
31:24 Elite Steppe Lancer
32:58 Plate Barding Armor
35:16 Fletching
36:49 Caravan
39:18 Bodkin Arrow
45:59 Chemistry
Longbow
11:20 Feudal Age
15:05 Castle Age
13:03 Double-Bit Axe
13:21 Horse Collar
16:44 Bow Saw
20:52 Fletching
22:22 Husbandry
24:02 Bodkin Arrow
26:23 Wheelbarrow
26:43 Gold Mining
28:08 Hand Cart
29:19 Ballistics
30:21 Heavy Plow
32:55 Imperial Age
30:11 Loom
30:33 Padded Archer Armor
31:06 Thumb Ring
31:42 Gold Shaft Mining
31:23 Stone Mining
32:10 Leather Archer Armor
32:36 Ballistics
33:36 Bracer
34:47 Chemistry
34:11 Bloodlines
33:51 Heavy Cavalry Archer
36:02 Parthian Tactics
36:31 Caravan
37:53 Two-Man Saw
37:35 Ring Archer Armor
38:58 Recurve Bow
39:52 Conscription
mongo
9:23 Feudal Age
7:43 Loom
9:54 Double-Bit Axe
12:15 Bloodlines
12:50 Horse Collar
16:20 Wheelbarrow
19:07 Town Watch
21:35 Castle Age
22:50 Bow Saw
22:59 Hand Cart
23:04 Heavy Plow
25:58 Gold Mining
27:01 Stone Mining
31:52 Imperial Age
30:46 Husbandry
30:53 Husbandry
31:39 Stone Shaft Mining
32:28 Scale Mail Armor
32:34 Squires
32:21 Gambesons
32:21 Arson
33:25 Elite Varangian Guard
34:48 Chain Mail Armor
34:44 Forging
35:12 Gothikon
36:25 Plate Mail Armor
36:40 Iron Casting
36:38 Masonry
36:39 Fortified Wall
38:59 Architecture
41:24 Blast Furnace
42:01 Caravan
Chigüiro
11:08 Feudal Age
14:51 Castle Age
13:46 Double-Bit Axe
19:27 Town Watch
19:44 Loom
20:09 Scale Barding Armor
25:26 Husbandry
29:24 Chain Barding Armor
30:32 Wheelbarrow
34:03 Imperial Age
32:33 Forging
34:59 Iron Casting
34:14 Cavalier
36:08 Plate Barding Armor
35:44 Ordonnance Companies
36:38 Fletching
37:15 Cranequins
38:03 Bodkin Arrow
39:24 Ballistics
40:14 Padded Archer Armor
40:53 Heavy Mounted Crossbowman
43:08 Conscription
44:43 Chemistry
44:00 Light Cavalry
45:19 Leather Archer Armor
DYS.K
11:15 Feudal Age
12:06 Double-Bit Axe
12:04 Horse Collar
14:57 Castle Age
14:03 Loom
15:47 Bow Saw
21:32 Wheelbarrow
23:19 Heavy Plow
25:59 Hand Cart
29:26 Imperial Age
28:20 Scale Barding Armor
28:26 Forging
28:32 Gold Mining
29:51 Chain Barding Armor
28:54 Vendel Legacy
30:17 Bloodlines
29:42 Cavalier
30:23 Husbandry
31:28 Plate Barding Armor
31:16 Conscription
32:52 Iron Casting
34:46 Blast Furnace
36:25 Stone Mining
36:27 Light Cavalry
37:49 Caravan
[QHB]Hammer warriors
7:48 Loom
10:13 Feudal Age
10:44 Double-Bit Axe
11:40 Man-at-Arms
14:50 Horse Collar
18:08 Castle Age
19:03 Bow Saw
18:54 Heavy Plow
23:28 Wheelbarrow
28:27 Gold Mining
31:38 Imperial Age
30:27 Scale Barding Armor
30:32 Forging
31:06 Hand Cart
31:53 Chain Barding Armor
32:10 Bloodlines
32:12 Forging
31:49 Cavalier
33:44 Plate Barding Armor
33:20 Paladin
34:43 Conscription
35:48 Iron Casting
36:48 Long Swordsman
37:14 Gambesons
37:29 Squires
37:15 Arson
40:27 Blast Furnace
40:19 Two-Handed Swordsman
41:17 Champion
tigerdownhill_
6:42 Loom
9:15 Feudal Age
15:56 Fletching
17:04 Padded Archer Armor
23:15 Castle Age
21:15 Double-Bit Axe
22:47 Gold Mining
22:39 Horse Collar
23:21 Crossbowman
23:56 Bodkin Arrow
24:12 Bow Saw
27:53 Ballistics
31:26 Wheelbarrow
35:12 Imperial Age
35:52 Bodkin Arrow
36:41 Bracer
37:19 Leather Archer Armor
39:27 Ring Archer Armor
40:20 Hand Cart
41:13 Conscription
45:14 Forging
46:23 Two-Man Saw
45:24 Heavy Plow
45:15 Stone Mining
Connection lost

Rejoining the realm…

Still unreachable

The connection could not be restored.

Session expired

The server has moved on; the page needs a fresh start.